Arrhythmia, chaotic female vampiric Convict --- - --- |..- --..- ---- |..| ---- |...--- -----....| -..----------------- ---..--- |..-- |.....------........| |...................---.......-- --..-- ---.................. --.....----------....|........... |...--- --...-------...-.- ---..-| |......%.........| -....---- |...- --...-- --..- ---....|...--...- |.......| |.... |....| --...- |....|.|.||...| --..--...| --- ---.... -----..|.--- |.....| --- ---.|.|.|---.| |..--|..--------.-- |.....|.||....--|...| |...%.| ---.--- -|.|.---|.| |..| ------..._@..---[....%|.||....|---..------.---- |.....- |.|....|.| --[-------}..--0.).)*)...[))).%....*|...........| --......| |.---..|.| --.|..--..------------...-|..*---- ...--------.-----......- |...|--|.| --<...}.%.| --- |...| -.-- |....--.......| |...|---.| |..}}}}}}-- |...-- 0 ......(.....-- -----|...| --....}..| --...| ...--.......| |...| ---}..).}-- --.-- --------....-- |...--- |......}-- --- --....| ---...| |..--.--- ---.-- --..| ------ --- ---- Arrhythmia the Jail-bird Experience level: 7 Strength: 15 Dexterity: 17 Constitution: 14 Intelligence: 13 Wisdom: 9 Charisma: 7 Health: 55(55) Energy: 39(39) AC: 9 Gold: 124 Moves: 976 Your Inventory: Coins $ - 124 gold pieces Armor b - a cursed +0 striped shirt (being worn) i - a cursed -1 pair of hard shoes [iron] (being worn) Rings d - an uncursed ring of protection from shape changers (weapon in hand) Tools m - an [uncursed] partly used [wax] candle (lit) (0:8) n - an [uncursed tallow] candle Iron balls c - an uncursed heavy iron ball (chained to you) Spells known in the end: Name Level Category Fail Memory Your skills at the end: Fighting Skills Weapon Skills sling [Basic / Skilled] Spellcasting Skills Final Attributes: You were devoutly aligned. Hunger level was -4. Your alignment was 14 / 14. Monster difficulty range was 0 - 6. Level difficulty was 5. You were immune to poison. You were immune to level-drain. You were immune to sickness. You were punished. You could fly. You could survive without air. You regenerated. Your luck was zero. Tymora was angry with you (1). You survived. Vanquished creatures: a gnome mummy 2 Uruk-hai a rock piercer a shrieker 7 gnome lords a red naga hatchling 9 dwarves a monkey an iguana a gas spore a cave spider 31 gnomes a gnome zombie 4 jackals 2 sewer rats 64 creatures vanquished. Voluntary challenges: You were an atheist. You went without food. You never hit with a wielded weapon. You read items or engraved 5 times. You put on armor 2 times. You never genocided any monsters. You never polymorphed an object. You never changed form. You used no wishes. You abstained from Elbereth's help. You never encountered a bones level. You never used any Sokoban shortcuts. Dungeon overview: The Dungeons of Doom: levels 1 to 2 Level 1 a long staircase Level 2 stairs to The Gnomish Mines The Gnomish Mines: levels 3 to 5 Level 3 stairs to The Dungeons of Doom Level 5 <- You were here History has recorded: On T:1 you entered the Dungeons of Doom to retrieve the Amulet of Yendor! On T:96 you reached level 2 of The Dungeons of Doom. On T:183 you reached level 1 of The Gnomish Mines. On T:186 you advanced to experience level 2. On T:191 you advanced to experience level 3. On T:205 you advanced to experience level 4. On T:270 you advanced to experience level 5. On T:325 you reached level 2 of The Gnomish Mines. On T:334 you advanced to experience level 6. On T:510 you reached level 3 of The Gnomish Mines. On T:569 you advanced to experience level 7. Latest messages: You bite the gnome mummy. The gnome mummy hits! [HP-2=43] You hit the gnome mummy. You bite the gnome mummy. You destroy the gnome mummy! [HP+1=44] [HP+1=45] [HP+1=46] [HP+1=47] [HP+1=48] [HP+1=49] [HP+1=50] You faint from lack of food. [HP+1=51] [HP+1=52] Your candle's flame flickers low! [HP+1=53] [HP+1=54] [HP+1=55] You regain consciousness. [10 turns] Final status: Goodbye Arrhythmia the Convict... You quit in The Gnomish Mines on dungeon level 5 with 1910 points, and 124 pieces of gold, after 976 moves. You were level 7 with a maximum of 55 hit points when you quit.